AoeStats
← CLEMENTE

Arabia

509273259Analyzed
2v2 RM · 5d ago on Sep 26, 2026· 71m 58s· 4 players
Game mode
Random Map
Map size
Medium (4 player)
Population
200
Speed
Normal
Resources
Standard
Victory
Conquest
Starting age
Dark Age
Ending age
Imperial Age
RankedLock teamsTeams togetherTeam positionsShared explorationLock speedFull tech treeHidden civsTurbo modeCheats
Victory
Defeat
🇦🇷 Huns · Argentina
504
+21
🇺🇸 Burgundians · United States
503
+21
🇨🇱 Teutons · Chile
638
-22
🇦🇺 Mapuche · Australia
599
-20
CLEMENTE
3:20 Loom
12:05 Feudal Age
13:00 Double-Bit Axe
14:55 Horse Collar
15:56 Man-at-Arms
18:36 Wheelbarrow
23:19 Castle Age
22:12 Stone Mining
23:33 Gold Mining
24:20 Scale Mail Armor
24:31 Forging
26:38 Hand Cart
26:58 Bloodlines
27:53 Heavy Plow
28:06 Bow Saw
27:33 Pikeman
28:15 Squires
30:16 Stone Shaft Mining
31:30 Iron Casting
30:56 Padded Archer Armor
34:20 Fletching
37:50 Imperial Age
39:43 Bodkin Arrow
40:48 Crop Rotation
41:52 Chemistry
40:38 Arrowslits
41:30 Capped Ram
47:18 Cavalier
49:59 Blast Furnace
49:15 Chain Mail Armor
49:17 Leather Archer Armor
52:36 Two-Man Saw
53:25 Elite Skirmisher
54:02 Halberdier
keirandwyer
5:04 Loom
12:26 Feudal Age
13:10 Horse Collar
13:20 Double-Bit Axe
20:48 Champi Runner
27:20 Horse Collar
27:59 Stone Mining
28:07 Gold Mining
29:20 Fletching
30:12 Wheelbarrow
29:23 Town Watch
34:12 Castle Age
35:03 Caravan
35:24 Bow Saw
35:21 Heavy Plow
36:00 Gold Shaft Mining
35:55 Bodkin Arrow
36:12 Forging
36:04 Scale Mail Armor
36:02 Champi Warrior
36:29 Arson
38:56 Iron Casting
38:37 Chain Mail Armor
40:47 Stone Shaft Mining
41:14 Fervor
41:00 Herbal Medicine
43:42 Imperial Age
41:27 Treadmill Crane
41:43 Murder Holes
42:09 Ballistics
42:01 Masonry
42:16 Atonement
42:20 Devotion
42:43 Sanctity
44:52 Crossbowman
46:53 Elite Champi Warrior
48:24 Conscription
50:36 Crop Rotation
51:12 Blast Furnace
50:44 Plate Mail Armor
50:15 Padded Archer Armor
51:14 Architecture
50:51 Siege Engineers
51:42 Theocracy
55:52 Chemistry
54:50 Pikeman
maurojavierreyes
6:36 Loom
12:08 Feudal Age
13:10 Double-Bit Axe
14:09 Gold Mining
17:49 Wheelbarrow
22:34 Castle Age
21:09 Fletching
21:47 Horse Collar
30:53 Padded Archer Armor
35:04 Wheelbarrow
35:19 Gold Shaft Mining
34:49 Bodkin Arrow
35:11 Leather Archer Armor
35:09 Forging
35:03 Scale Mail Armor
36:28 Murder Holes
39:09 Ballistics
39:15 Thumb Ring
40:31 Hand Cart
42:43 Forging
52:48 Masonry
55:23 Imperial Age
55:00 Bow Saw
56:42 Squires
56:03 Pikeman
58:31 Caravan
61:29 Chemistry
62:25 Parthian Tactics
61:21 Heavy Cavalry Archer
64:30 Cavalier
65:24 Bloodlines
65:21 Husbandry
70:21 Two-Man Saw
69:19 Arson
69:02 Man-at-Arms
71:44 Conscription
Moncho771653
0:28 Loom
8:28 Wheelbarrow
8:28 Double-Bit Axe
13:02 Feudal Age
13:56 Bow Saw
13:32 Horse Collar
18:38 Arson
20:54 Scale Mail Armor
21:12 Forging
21:17 Heavy Plow
26:52 Castle Age
25:23 Scale Barding Armor
26:01 Gold Mining
26:05 Stone Mining
28:11 Gold Shaft Mining
28:12 Stone Shaft Mining
28:40 Iron Casting
28:22 Chain Mail Armor
28:31 Squires
30:05 Two-Man Saw
29:27 Hand Cart
33:47 Crop Rotation
33:34 Murder Holes
33:21 Treadmill Crane
37:54 Imperial Age
35:51 Padded Archer Armor
35:43 Fletching
36:44 Ballistics
37:23 Husbandry
36:43 Cavalier
36:57 Elite Skirmisher
38:00 Burgundian Vineyards
39:36 Chemistry
38:22 Arrowslits
38:48 Fortified Wall
38:49 Masonry
38:26 Sappers
39:16 Conscription
40:22 Plate Mail Armor
40:52 Blast Furnace
43:53 Elite Coustillier
46:42 Hoardings
55:47 Caravan
56:17 Coinage
55:58 Guilds
Connection lost

Rejoining the realm…

Still unreachable

The connection could not be restored.

Session expired

The server has moved on; the page needs a fresh start.